TOP OF THE 1ST |
Toronto Blue Jays batting - Pitching for Seattle Mariners : RHP Steve Busby
|
Pitching: RHP Steve Busby
|
|
Batting: SHB Harold Reynolds
|
0-0: Swinging Strike 0-1: Called Strike 0-2: Ball 1-2: Fly out, F7 (Line Drive, 7D, EV 91.9 MPH)
|
Batting: RHB Jose Gonzalez
|
0-0: Ball 1-0: Ground out 5-3 (Groundball, 5, EV 96.3 MPH)
|
Batting: LHB Chad Daley
|
0-0: Ball 1-0: Ball 2-0: Foul Ball, location: 2F 2-1: Fly out, F6 (Line Drive, 6, EV 70.0 MPH)
|
Top of the 1st over - 0 runs, 0 hits, 0 errors, 0 left on base; Toronto 0 - Seattle 0 |
BOTTOM OF THE 1ST |
Seattle Mariners batting - Pitching for Toronto Blue Jays : LHP Thomas Boyd
|
Pitching: LHP Thomas Boyd
|
|
Batting: SHB Miguel Dilone
|
0-0: Ball 1-0: Ball 2-0: Ball 3-0: Called Strike 3-1: Foul Ball, location: 2F 3-2: Base on Balls
|
Batting: LHB Mike Stenhouse
|
0-0: Ball 1-0: Called Strike 1-1: Ball 2-1: Foul Ball, location: 2F 2-2: Fly out, F6 (Popup, 6M, EV 66.3 MPH)
|
Batting: RHB Robin Yount
|
0-0: Foul Ball, location: 2F 0-1: Called Strike 0-2: Ball 1-2: Foul Ball, location: 2F 1-2: Fly out, F8 (Flyball, 8LXD, EV 101.9 MPH)
|
Batting: LHB Don Mattingly
|
0-0: SINGLE (Groundball, 4MS, EV 70.6 MPH) (infield hit) Miguel Dilone to second
|
Batting: LHB Chris Wynn
|
0-0: Swinging Strike 0-1: Foul Ball, location: 2F 0-2: Foul Ball, location: 2F 0-2: Ball 1-2: Foul Ball, location: 2F 1-2: Strikes out looking
|
Bottom of the 1st over - 0 runs, 1 hit, 0 errors, 2 left on base; Toronto 0 - Seattle 0 |
TOP OF THE 2ND |
Toronto Blue Jays batting - Pitching for Seattle Mariners : RHP Steve Busby
|
Batting: RHB Andres Galarraga
|
0-0: Foul Ball, location: 2F 0-1: Foul Ball, location: 2F 0-2: Foul Ball, location: 2F 0-2: Ball 1-2: Ball 2-2: Ball 3-2: DOUBLE (Line Drive, 78XD, EV 101.9 MPH)
|
Batting: RHB Juan Monasterio
|
0-0: Ball 1-0: Called Strike 1-1: Foul Ball, location: 2F 1-2: Fly out, F6 (Flyball, 5D, EV 84.4 MPH)
|
Batting: LHB Steve Stroughter
|
0-0: Called Strike 0-1: Fly out, F8 (Flyball, 8RD, EV 101.3 MPH)
|
Batting: RHB Cal Ripken
|
0-0: Called Strike 0-1: Foul Ball, location: 2F 0-2: Ball 1-2: Ball 2-2: DOUBLE (Line Drive, 9LS, EV 92.5 MPH) Andres Galarraga scores
|
Batting: LHB Carlos May
|
0-0: Ball 1-0: Swinging Strike 1-1: Foul Ball, location: 2F 1-2: Fly out, F8 (Flyball, 78D, EV 96.9 MPH)
|
Top of the 2nd over - 1 run, 2 hits, 0 errors, 1 left on base; Toronto 1 - Seattle 0 |
BOTTOM OF THE 2ND |
Seattle Mariners batting - Pitching for Toronto Blue Jays : LHP Thomas Boyd
|
Batting: RHB John Rabb
|
0-0: Foul Ball, location: 2F 0-1: Ball 1-1: Foul Ball, location: 2F 1-2: Ball 2-2: Fly out, F8 (Flyball, 8LD, EV 101.9 MPH)
|
Batting: LHB Jose Perales
|
0-0: Called Strike 0-1: Swinging Strike 0-2: Ball 1-2: Fly out, F9 (Flyball, 9S, EV 90.6 MPH)
|
Batting: RHB Ryne Sandberg
|
0-0: Called Strike 0-1: Ball 1-1: Called Strike 1-2: Ball 2-2: Ball 3-2: Ground out 6-3 (Groundball, 6S, EV 71.9 MPH)
|
Bottom of the 2nd over - 0 runs, 0 hits, 0 errors, 0 left on base; Toronto 1 - Seattle 0 |
TOP OF THE 3RD |
Toronto Blue Jays batting - Pitching for Seattle Mariners : RHP Steve Busby
|
Batting: RHB Jim G Wilson
|
0-0: Called Strike 0-1: Ball 1-1: Ball 2-1: Swinging Strike 2-2: Strikes out looking
|
Batting: SHB Harold Reynolds
|
0-0: Called Strike 0-1: Fly out, F8 (Line Drive, 8LM, EV 96.9 MPH)
|
Batting: RHB Jose Gonzalez
|
0-0: Ball 1-0: DOUBLE (Flyball, 89D, EV 95.0 MPH)
|
Batting: LHB Chad Daley
|
0-0: Called Strike 0-1: Ground out 6-3 (Groundball, 6M, EV 100.6 MPH)
|
Top of the 3rd over - 0 runs, 1 hit, 0 errors, 1 left on base; Toronto 1 - Seattle 0 |
BOTTOM OF THE 3RD |
Seattle Mariners batting - Pitching for Toronto Blue Jays : LHP Thomas Boyd
|
Batting: LHB Ivan Flores
|
0-0: Ball 1-0: SOLO HOME RUN (Flyball, 9D, EV 110.6 MPH), Distance : 381 ft
|
Batting: SHB Miguel Dilone
|
0-0: Ball 1-0: Ball 2-0: Fly out, F8 (Flyball, 8LXD, EV 102.5 MPH)
|
Batting: LHB Mike Stenhouse
|
0-0: Called Strike 0-1: Ground out 6-3 (Groundball, 6M, EV 86.9 MPH)
|
Batting: RHB Robin Yount
|
0-0: Ball 1-0: Called Strike 1-1: Fly out, F8 (Flyball, 8RXD, EV 91.9 MPH)
|
Bottom of the 3rd over - 1 run, 1 hit, 0 errors, 0 left on base; Toronto 1 - Seattle 1 |
TOP OF THE 4TH |
Toronto Blue Jays batting - Pitching for Seattle Mariners : RHP Steve Busby
|
Batting: RHB Andres Galarraga
|
0-0: Called Strike 0-1: Ball 1-1: Swinging Strike 1-2: Fly out, F8 (Flyball, 8LM, EV 97.5 MPH)
|
Batting: RHB Juan Monasterio
|
0-0: Ball 1-0: Ball 2-0: Fly out, F7 (Flyball, 78S, EV 93.8 MPH)
|
Batting: LHB Steve Stroughter
|
0-0: Ball 1-0: Foul Ball, location: 2F 1-1: Foul Ball, location: 2F 1-2: Ground out 4-3 (Groundball, 4, EV 105.6 MPH)
|
Top of the 4th over - 0 runs, 0 hits, 0 errors, 0 left on base; Toronto 1 - Seattle 1 |
BOTTOM OF THE 4TH |
Seattle Mariners batting - Pitching for Toronto Blue Jays : LHP Thomas Boyd
|
Batting: LHB Don Mattingly
|
0-0: Called Strike 0-1: Ball 1-1: Reached on error, E4 (Groundball, 4, EV 85.6 MPH)
|
Batting: LHB Chris Wynn
|
0-0: Ball 1-0: Fly out, F7 (Line Drive, 7D, EV 87.5 MPH)
|
Batting: RHB John Rabb
|
0-0: Called Strike 0-1: Ball 1-1: Ball 2-1: Ball 3-1: Base on Balls Don Mattingly to second
|
Batting: LHB Jose Perales
|
0-0: Called Strike 0-1: Foul Ball, location: 2F 0-2: Foul Ball, location: 2F 0-2: Ball 1-2: Foul Ball, location: 2F 1-2: Ball 2-2: DOUBLE (Groundball, 3L, EV 101.3 MPH) Don Mattingly scores John Rabb to third Runner from 3rd tries for Home, SAFE, throw by RF to trailing runner, OUT at third! 9-3-5
|
Batting: RHB Ryne Sandberg
|
0-0: Ball 1-0: Fly out, F9 (Flyball, 89M, EV 87.5 MPH)
|
Bottom of the 4th over - 2 runs, 1 hit, 1 error, 0 left on base; Toronto 1 - Seattle 3 |
TOP OF THE 5TH |
Toronto Blue Jays batting - Pitching for Seattle Mariners : RHP Steve Busby
|
Batting: RHB Cal Ripken
|
0-0: Ball 1-0: SINGLE (Groundball, 6MS, EV 70.6 MPH) (infield hit)
|
Batting: LHB Carlos May
|
0-0: Called Strike 0-1: Foul Ball, location: 2F 0-2: Foul Ball, location: 2F 0-2: Ball 1-2: Ball 2-2: SINGLE (Line Drive, 7S, EV 108.1 MPH) Cal Ripken to second
|
Batting: RHB Jim G Wilson
|
0-0: Ball 1-0: Ball 2-0: Foul Ball, location: 2F 2-1: Grounds into double play, 6-4-3 (Groundball, 6, EV 100.0 MPH) Cal Ripken to third
|
Batting: SHB Harold Reynolds
|
0-0: Ball 1-0: Foul Ball, location: 2F 1-1: Called Strike 1-2: Ball 2-2: Foul Ball, location: 2F 2-2: Ground out 1-3 (Groundball, 15S, EV 63.8 MPH)
|
Top of the 5th over - 0 runs, 2 hits, 0 errors, 1 left on base; Toronto 1 - Seattle 3 |
BOTTOM OF THE 5TH |
Seattle Mariners batting - Pitching for Toronto Blue Jays : LHP Thomas Boyd
|
Batting: LHB Ivan Flores
|
0-0: Called Strike 0-1: Ball 1-1: Foul Ball, location: 2F 1-2: DOUBLE (Line Drive, 78D, EV 105.6 MPH)
|
Batting: SHB Miguel Dilone
|
0-0: Ball 1-0: Fly out, F7 (Flyball, 7LM, EV 95.0 MPH) Runner from 2nd tags up, OUT at 3rd! 7-5
|
Batting: LHB Mike Stenhouse
|
0-0: Ball 1-0: Called Strike 1-1: Ball 2-1: Ball 3-1: Fly out, F8 (Flyball, 78D, EV 94.4 MPH)
|
Bottom of the 5th over - 0 runs, 1 hit, 0 errors, 0 left on base; Toronto 1 - Seattle 3 |
TOP OF THE 6TH |
Toronto Blue Jays batting - Pitching for Seattle Mariners : RHP Steve Busby
|
Batting: RHB Jose Gonzalez
|
0-0: Ball 1-0: Ball 2-0: Called Strike 2-1: Ball 3-1: Swinging Strike 3-2: Strikes out swinging
|
Batting: LHB Chad Daley
|
0-0: Ball 1-0: Swinging Strike 1-1: Ball 2-1: Ground out 3-1 (Groundball, 34, EV 98.8 MPH)
|
Batting: RHB Andres Galarraga
|
0-0: Fly out, F7 (Flyball, 78S, EV 85.6 MPH)
|
Top of the 6th over - 0 runs, 0 hits, 0 errors, 0 left on base; Toronto 1 - Seattle 3 |
BOTTOM OF THE 6TH |
Seattle Mariners batting - Pitching for Toronto Blue Jays : LHP Thomas Boyd
|
Batting: RHB Robin Yount
|
0-0: Called Strike 0-1: Ball 1-1: Ball 2-1: Fly out, F8 (Flyball, 78D, EV 81.3 MPH)
|
Batting: LHB Don Mattingly
|
0-0: Ball 1-0: Fly out, F7 (Flyball, 7, EV 93.1 MPH)
|
Batting: LHB Chris Wynn
|
0-0: Swinging Strike 0-1: Foul Ball, location: 2F 0-2: Ball 1-2: Strikes out swinging
|
Bottom of the 6th over - 0 runs, 0 hits, 0 errors, 0 left on base; Toronto 1 - Seattle 3 |
TOP OF THE 7TH |
Toronto Blue Jays batting - Pitching for Seattle Mariners : RHP Steve Busby
|
Batting: RHB Juan Monasterio
|
0-0: Ball 1-0: Called Strike 1-1: Called Strike 1-2: Foul Ball, location: 2F 1-2: Fly out, F8 (Flyball, 78XD, EV 97.5 MPH)
|
Batting: LHB Steve Stroughter
|
0-0: SINGLE (Groundball, 3D, EV 94.4 MPH)
|
Batting: RHB Cal Ripken
|
0-0: Ball 1-0: Ball 2-0: Called Strike 2-1: Ball 3-1: Ground out 5-3 (Groundball, 56S, EV 68.8 MPH) Steve Stroughter to second
|
Batting: LHB Carlos May
|
0-0: Called Strike 0-1: Ball 1-1: DOUBLE (Flyball, 78XD, EV 111.3 MPH) Steve Stroughter scores
|
Batting: RHB Jim G Wilson
|
0-0: Ball 1-0: Ground out 6-3 (Groundball, 6, EV 85.0 MPH)
|
Top of the 7th over - 1 run, 2 hits, 0 errors, 1 left on base; Toronto 2 - Seattle 3 |
BOTTOM OF THE 7TH |
Seattle Mariners batting - Pitching for Toronto Blue Jays : LHP Thomas Boyd
|
Batting: RHB John Rabb
|
0-0: Foul Ball, location: 2F 0-1: Foul Ball, location: 2F 0-2: Ball 1-2: Ball 2-2: Ball 3-2: Ground out 6-3 (Groundball, 6, EV 79.4 MPH)
|
Batting: LHB Jose Perales
|
0-0: Ball 1-0: Ground out 3-1 (Groundball, 23, EV 88.1 MPH)
|
Batting: RHB Ryne Sandberg
|
0-0: Ball 1-0: Ball 2-0: Called Strike 2-1: Ground out 6-3 (Groundball, 6, EV 100.0 MPH)
|
Bottom of the 7th over - 0 runs, 0 hits, 0 errors, 0 left on base; Toronto 2 - Seattle 3 |
TOP OF THE 8TH |
Toronto Blue Jays batting - Pitching for Seattle Mariners : RHP Steve Busby
|
Batting: SHB Harold Reynolds
|
0-0: DOUBLE (Line Drive, 89M, EV 105.6 MPH)
|
Pitching: RHP Nick Bowditch
|
|
Batting: RHB Jose Gonzalez
|
0-0: Ground out 6-3 (Groundball, 6, EV 83.1 MPH) Harold Reynolds to third
|
Batting: LHB Chad Daley
|
0-0: Called Strike 0-1: Ball 1-1: Ball 2-1: Fly out, F7 (Flyball, 7LM, EV 95.0 MPH) Runner from 3rd tags up, OUT at HOME! 7-2
|
Top of the 8th over - 0 runs, 1 hit, 0 errors, 0 left on base; Toronto 2 - Seattle 3 |
BOTTOM OF THE 8TH |
Seattle Mariners batting - Pitching for Toronto Blue Jays : LHP Thomas Boyd
|
Batting: LHB Ivan Flores
|
0-0: Ball 1-0: Ball 2-0: Ball 3-0: Base on Balls
|
Batting: SHB Miguel Dilone
|
0-0: Ball 1-0: Foul Ball, location: 2F 1-1: Ball 2-1: Called Strike 2-2: Fly out, F7 (Flyball, 78S, EV 86.3 MPH)
|
Batting: LHB Mike Stenhouse
|
0-0: Called Strike 0-1: Ball 1-1: Ball 2-1: Foul Ball, location: 2F 2-2: Foul Ball, location: 2F 2-2: Fielders Choice at 2nd, 2-4 (Groundball, 2L, EV 68.8 MPH)
|
Batting: RHB Robin Yount
|
0-0: SINGLE (Line Drive, 9S, EV 106.3 MPH) Mike Stenhouse to second
|
Batting: LHB Don Mattingly
|
0-0: Ball 1-0: Ball 2-0: Called Strike 2-1: SINGLE (Groundball, 34D, EV 105.6 MPH) Mike Stenhouse to third Robin Yount to second Runner from 3rd tries for Home, SAFE, throw by RF to home
|
Batting: LHB Chris Wynn
|
0-0: Ball 1-0: Foul Ball, location: 2F 1-1: Foul Ball, location: 2F 1-2: Ball 2-2: Strikes out swinging
|
Bottom of the 8th over - 1 run, 2 hits, 0 errors, 2 left on base; Toronto 2 - Seattle 4 |
TOP OF THE 9TH |
Toronto Blue Jays batting - Pitching for Seattle Mariners : RHP Nick Bowditch
|
Now in CF: Ramon Estepa
|
|
Batting: RHB Andres Galarraga
|
0-0: Swinging Strike 0-1: Ball 1-1: Foul Ball, location: 2F 1-2: Strikes out swinging
|
Batting: RHB Juan Monasterio
|
0-0: Hit by Pitch
|
Batting: LHB Steve Stroughter
|
0-0: Called Strike 0-1: Ball 1-1: Ball 2-1: Foul Ball, location: 2F 2-2: Strikes out swinging
|
Batting: RHB Cal Ripken
|
0-0: Ball 1-0: Called Strike 1-1: Ball 2-1: Fielders Choice at 2nd, 6-4 (Groundball, 6, EV 105.0 MPH)
|
Top of the 9th over - 0 runs, 0 hits, 0 errors, 1 left on base; Toronto 2 - Seattle 4 |
|